Workbook

Sheet How to complete
A1: This excel sheet should be read together with the guidance notes which give more detailed information and practical examples. Note that cells with data in green contain formulas and should not be changed as they automatically calculate a total based on data entered in other cells (yellow cells) unless there are project-specfic changes required. In this case, explain in column O
A2: 0 Tab study parameters - Cells in yellow should be completed to the specifications of your trial. - These data are linked to formulas in the other tabs. Do not remove or add lines in this tab.
A3: 0 Tab budget parameters - This tab contains the costs for the personnel involved in the trial - These values should not be changed without the prior agreement ZonMw/KCE
A4: 0 Tab Sponsor costs - This tab needs to be completed with the estimated budget for the whole trial. For some of the activities, a fixed amount is proposed based on the above mentioned rates and real time estimations. In other cases cells needs to be completed if no link to the study parameters tab exists - carefully check formulas and guidelines - In the case of a fixed amount (FX) the margin is already included.
A5: 0 Tabs site costs BE / Site Costs NL - This tab can be completed with the estimated budget per study visit for the participating sites (which should be consistent with the table of trial visits and procedures in the protocol). - The current lay-out is generic and should be made study specific.
A8: Copyright © 2022 by KCE Trials. All rights reserved. The budget tool and guidelines are developed by KCE Trials. If you wish to use this budget tool outside the KCE Trials Programme or the BeNeFIT call, you should contact trials@kce.fgov.be. Tell us how and why you wish to use the tool. Please include your contact details: name, institution/company, address, telephone number, and email.

Sheet Study Parameters
A1: BeNeFIT Trial | B1: =B7 -> Number | D1: =B11 -> DD/MM/YYYY
A2: Note that the information in this sheet should reflect the most recent version of the protocol - in case of discrepancies, the protocol will prevail
A3: Study Parameters
A5: Study Title
A7: BeNeFIT Reference Number | B7: Number | D7: (assigned when selected)
A9: Protocol version
A11: Budget version date | B11: DD/MM/YYYY
A13: Number of subjects | B13: Number of subjects screened BE
B14: Number of subjects screened NL
B15: Number of subjects randomised BE
B16: Number of subjects randomised NL
B17: Number of subjects completing BE
B18: Number of subjects completing NL
B19: Total number of subjects randomised | C19: =C15+C16 -> 0
A20: Number of visits per subject
A22: Number of sites BE
A23: Number of sites NL
A24: Total number of sites | C24: =SUM(C22:C23) -> 0
A25: Trial with GPs | D25: (select from list)
A26: Trial with - IMP (Investigational Medicinal Product) or MD (Medical Device) if not prescription based - Non standard of care local lab analysis/imaging/technical assessments | D26: (select from list)
A27: Trial subject to Clinical Trial Regulation | D27: (select from list)
D29: Actual Date
A30: Study timelines | B30: FPI (First Patient In)
B31: LPI (Last Patient In)
B32: LPLV (Last Patient Last Visit)
B33: DBL (Data Base Lock)
B34: CSR (Clinical Study Report)
B35: Total duration of the project FPI to CSR (in months): | D35: =(D34-D30)/30.5 -> 0
B36: Total duration of the project where monitoring is needed FPI to DBL (in months) | D36: =(D33-D30)/30.5 -> 0
B37: Total duration of the project (in years) | D37: =(D34-D30)/365 -> 0
B38: Recruitment period (in months) | D38: =(D31-D30)/30.5 -> 0
A39: Monitoring | B39: Planned number of on-site monitoring visits per site (for the total duration of the study)
B40: Planned number of remote monitoring contacts per site (for the total duration of the study) | D40: =IF(C47>2,(D36/2-D39),IF(C47=2,(D36/3-D39),0)) -> 0
B41: Planned number of monitoring visits abroad | E41: depending on the sponsor country this will be visits multiplied by number of sites in BE or NL and will also depend on decision of outourcing monitoring to a coordinating centre in the other country complete according to the monitoring plan)
A43: Expected number of SUSARs (or events requiring expedited reporting)
A44: DSMB to be installed
A45: Expected number of endpoints to be adjudicated
A47: General complexity level of the trial | B47: There are 4 complexity levels that will drive the costs of the trial; in the BeNeFIT 2 programme, all trials will be level 2 or 3. For more information, check the budget guidelines | D47: (select from list)
A51: cells in yellow are to be completed

Sheet Lists
A1: List | B1: value
A2: GPs/IMP_MD/CTR | B2: yes
A3: GPs/IMP_MD/CTR | B3: no
A4: Complexity level | B4: 1
A5: Complexity level | B5: 2
A6: Complexity level | B6: 3
A7: Complexity level | B7: 4

Sheet Budget Parameters
A1: BeNeFIT trial | C1: ='Study Parameters'!B7 -> Number | E1: ='Study Parameters'!D1 -> DD/MM/YYYY
A2: Scroll down for indication for budget for Project Management, Pharmacy Fees and Lab fees
A3: Budget Parameters
A4: Index (01/06/2022) | B4: 1.0824
A5: Study team involved
A6: Position | B6: Hourly rate (based on index 01/06/2022)
A7: PM | B7: =52*B4 -> 56.2848 | C7: Project Manager
A8: CRA | B8: =52*B4 -> 56.2848 | C8: Clinical Research Associate
A9: CI | B9: =104*B4 -> 112.5696 | C9: Chief Investigator
A10: Co CI | B10: =83.2*B4 -> 90.05568 | C10: Co-Chief Investigator
A11: CTA | B11: =36.4*B4 -> 39.39936 | C11: Clinical Trial Administrator
A12: Auditor | B12: =57.2*B4 -> 61.91328 | C12: Auditor
A13: STAT | B13: =62.4*B4 -> 67.54176 | C13: Statistician
A14: DM | B14: =52*B4 -> 56.2848 | C14: Data Manager
A15: SN | B15: 50.19 | C15: Study Nurse
A16: HE | B16: =62.4*B4 -> 67.54176 | C16: Health Economist
A17: PI | B17: =104*B4 -> 112.5696 | C17: Principal Investigator
A18: Pharm | B18: =62.4*B4 -> 67.54176 | C18: Pharmacist
A19: PI nonMD | B19: =83.2*B4 -> 90.05568 | C19: Principal Investigator non MD
A20: Add other roles if relevant
A21: Other budget relevant info
A22: Margin (in %) if applicable: | C22: 0.1
A23: Overhead (in %) if applicable: | C23: NA
A24: VAT (in %) on services if applicable | C24: 0.21
A25: VAT (in %) on IMP if applicable | C25: 0.09
A26: START UP | B26: =1040*B4 -> 1125.696 | C26: per site | D26: this is an example for medium complexity study in a hospital setting to be adapted according to training requirement, team involved (eg. 200€ for GP)
A27: Archiving | B27: =260*B4 -> 281.424 | C27: per box | D27: 1 box per site depending on number of patients
A28: Transportation fee | B28: =68*B4 -> 73.6032 | D28: fee to cover transportation costs for monitoring visits, inlcudes any margin - overhead not applicable
A29: Travel cost for monitoring abroad (including any overnight stay - max 300€/visit) | B29: =312*B4 -> 337.7088 | D29: Travel costs if monitoring visits are scheduled abroad (this is not the standard practice expected)
A31: How to calculate the PM time
D32: Example for basic trial with 15 sites | E32: Example for basic trial with 30 sites | F32: Example for a GP trial with 100 sites
A33: basis for each trial = 0,3 FTE* | D33: 0.3 | E33: 0.3 | F33: 0.4
A34: * can be upgraded by 0,4 FTE in case of complex study with placebo production, extensive training programme, ... (complexity level 3)
A35: Per site 0,025 FTE to be added to the basis FTE up to 25 sites | C35: 0.025 | D35: =C35*15 -> 0.375 | E35: =C35*25 -> 0.625
A36: From 25 sites onwards, 0,0125 FTE for the # of sites>25 to be added to the the first amount | C36: 0.0125 | E36: =C36*5 -> 0.0625
A37: For GP trials, 0,00625 FTE to be added to the basis FTE per GP site | C37: 0.00625 | F37: =C37*100 -> 0.625
A38: Total FTE planned for line 9a in the tab sponsor costs for project managment tasks | D38: =SUM(D33:D37) -> 0.675 | E38: =SUM(E33:E37) -> 0.9875 | F38: =SUM(F33:F37) -> 1.025
A40: The above calculation takes into account the active study period; for long term extension this should be devided by 2 or even reduced further
A42: KCE/ZonMW approved fees for pharmacy activities in clincial trials - to be used for site costs calculation if applicable | C42: transit (IMP is not stored at the pharamcy but at the research department) | D42: at pharmacy (IMP is stored at the pharmacy)
A43: start-up fee (includes reading protocol, setting up file, review contract, initiation and close out) - FIX no margin | C43: =364*B4 -> 393.9936 | D43: =520*B4 -> 562.848
A44: yearly fee (to be calculated for every 12 months after initiation visit, not calendar based, includes time for follow-up and maintenance of the file, monitoring and storage of returned medication if applicable) - FIX no margin | C44: =208*B4 -> 225.1392 | D44: =312*B4 -> 337.7088
A45: storage yearly fee (to be calculated for every 12 months after initiation visit, not calendar based) - FIX no margin | C45: 0 | D45: =68*B4 -> 73.6032
A46: reception, check (transfer delivery if appl) - - FIX no margin | C46: =52*B4 -> 56.2848 | D46: =52*B4 -> 56.2848
A47: preparation medication | D47: per protocol
A48: individual delivery (medication / co-medication) | C48: 0 | D48: =16*B4 -> 17.3184
A49: individual delivery (medication / co-medication), + labelling if applicable | C49: 0 | D49: =21*B4 -> 22.7304
A50: extra labelling if per batch and not per individual delivery - - FIX no margin | C50: =104*B4 -> 112.5696 | D50: =104*B4 -> 112.5696
A52: KCE/ZonMw approved fees for laboratory activities in clincial trials - to be used for site costs calculation if applicable | C52: by lab/site
A53: start-up fee (includes reading protocol, setting up file, review contract, initiation and close out) - FIX no margin | C53: =364*B4 -> 393.9936
A54: Blood sampling and sending to lab for central analysis | C54: =21*B4 -> 22.7304
A55: Blood sampling, processing and sending to lab for central analysis | C55: =32*B4 -> 34.6368
A56: Storage yearly fee (to be calculated for every 12 months after initiation visit, not calendar based) - FIX no margin | C56: =78*B4 -> 84.4272
A57: If separate batches to be sent to central lab (cost per batch) | C57: =26*B4 -> 28.1424

Sheet Sponsor Cost
C1: Units | D1: No. of units | E1: Team member | F1: Unit cost | G1: Cost (EURO) | H1: Margin incl | I1: Comments, typical values as guidance | J1: Additional info | K1: % of costs for Sponsor | L1: % of costs for CC | M1: total amount Sponsor | N1: total amount CC | O1: Comments from sponsor
A2: Trial | C2: ='Study Parameters'!B7 -> Number | J2: ='Study Parameters'!D1 -> DD/MM/YYYY
A3: 1 | B3: Project Design and Set up
A4: 1a | B4: • Clinical Study Protocol incl stats, economic input, any rework, meetings • Subject Information and Consent including translations (FR, ENG, NL) • Budget calculation • KCE contract negotiation and status updates • Development of Plans (Risk Assessment and Risk Management Plan, Monitoring Plan, Data Management Plan, Safety Management Plan, Communication Plan, ...) • Amendments | E4: FX | F4: =IF('Study Parameters'!C47=3,50000,40000)*'Budget Parameters'!B4 -> 43296 | G4: =F4 -> 43296 | H4: =F4 -> 43296 | K4: 0 | L4: 0 | M4: =H4*K4 -> 0 | N4: =$H4*L4 -> 0
A5: 1b | B5: Country specific adaptations and translations | E5: FX | F5: =2080*'Budget Parameters'!B4 -> 2251.392 | G5: =F5 -> 2251.392 | H5: =F5 -> 2251.392 | K5: 0 | L5: 0 | M5: =H5*K5 -> 0 | N5: =$H5*L5 -> 0
A6: 1c | B6: Site selection including feasibility assessment/visit on site | D6: ='Study Parameters'!C24*0.5 -> 0 | E6: FX | F6: =IF('Study Parameters'!C26="yes",1040,780)*'Budget Parameters'!B4 -> 844.272 | G6: =F6*D6 -> 0 | H6: =G6 -> 0 | I6: depending on IMP/lab involvement | K6: 0 | L6: 0 | M6: =H6*K6 -> 0 | N6: =$H6*L6 -> 0
A7: 1d | B7: Site selection including feasibility assessment/visit remote | D7: ='Study Parameters'!C24*0.5 -> 0 | E7: FX | F7: =260*'Budget Parameters'!B4 -> 281.424 | G7: =F7*D7 -> 0 | H7: =G7 -> 0 | I7: 281,42€/site for remote visit - 168,85€ for remote visit GP | K7: 0 | L7: 0 | M7: =H7*K7 -> 0 | N7: =$H7*L7 -> 0
A8: 1e | B8: Collaborator/site contracts (set-up, negotiation and finalisation) | D8: =('Study Parameters'!C24-1) -> -1 | E8: FX | F8: =IF('Study Parameters'!C25="yes",208,IF('Study Parameters'!C26="yes",1040,520))*'Budget Parameters'!B4 -> 562.848 | G8: =F8*D8 -> -562.848 | H8: =G8 -> -562.848 | I8: 1125,70€/collaborator/site - 225,14€/site if GPs - 562,85€/collaborator if no tender required adjust formula if needed | K8: 0 | L8: 0 | M8: =H8*K8 -> 0 | N8: =$H8*L8 -> 0
A9: 1f | B9: Develop and maintain website and recruitment materials and tools | D9: 1 | E9: FX | F9: =(3000+(200*'Study Parameters'!D37))*'Budget Parameters'!B4 -> 3247.2 | G9: =F9 -> 3247.2 | H9: =G9 -> 3247.2 | I9: including hosting fee (216,48€/yr) | K9: 0 | L9: 0 | M9: =H9*K9 -> 0 | N9: =$H9*L9 -> 0
A10: SUM | G10: =SUM(G4:G9)-20000 -> 28231.744 | H10: =SUM(H4:H9)-20000 -> 28231.744 | I10: a total amount of 20 000€ will be paid as an advance payment to cover the costs for protocol development and feasibility - this amount is consequently deducted from the total amount covering section 1 | M10: =SUM(M4:M9)-20000 -> -20000 | N10: =SUM(N4:N9) -> 0
A11: 2 | B11: Regulatory and Ethics Review
A12: 2a | B12: Initial Leading Ethics Committee submission/Competent Authorities (CTR if applicable) BE | D12: 1 | E12: FX | F12: =IF('Study Parameters'!C27="no",2080,(IF(('Study Parameters'!C47>2),5200,4160)))*'Budget Parameters'!B4 -> 4502.784 | G12: =D12*F12 -> 4502.784 | H12: =G12 -> 4502.784 | K12: 0 | L12: 0 | M12: =K12*H12 -> 0 | N12: =$H12*L12 -> 0
A13: 2b | B13: Initial Leading Ethics Committee submission/Competent Authorities (CTR if applicable) NL | D13: 1 | E13: FX | F13: =IF('Study Parameters'!C27="no",2080,(IF(('Study Parameters'!C47>2),5200,4160)))*'Budget Parameters'!B4 -> 4502.784 | G13: =D13*F13 -> 4502.784 | H13: =G13 -> 4502.784 | K13: 0 | L13: 0 | M13: =K13*H13 -> 0 | N13: =$H13*L13 -> 0
A14: 2c | B14: Initial Ethics Committee submission in participating sites/letter of Director BE | D14: ='Study Parameters'!C22 -> 0 | E14: FX | F14: =IF('Study Parameters'!C27="yes",260,520)*'Budget Parameters'!B4 -> 562.848 | G14: =D14*F14 -> 0 | H14: =G14 -> 0 | I14: depending on IMP trial and hospital setting | K14: 0 | L14: 0 | M14: =K14*H14 -> 0 | N14: =$H14*L14 -> 0
A15: 2d | B15: Initial Ethics Committee submission in participating sites/lokale uitvoerbaarheid NL | D15: ='Study Parameters'!C23 -> 0 | E15: FX | F15: =IF('Study Parameters'!C27="yes",260,520)*'Budget Parameters'!B4 -> 562.848 | G15: =D15*F15 -> 0 | H15: =G15 -> 0 | I15: depending on IMP trial and hospital setting | K15: 0 | L15: 0 | M15: =K15*H15 -> 0 | N15: =$H15*L15 -> 0
A16: 2e | B16: Communication with EC & authorities during the Project | D16: ='Study Parameters'!D37 -> 0 | E16: FX | F16: =IF('Study Parameters'!C27="yes",2080,1040)*'Budget Parameters'!B4 -> 1125.696 | G16: =F16*D16 -> 0 | H16: =G16 -> 0 | I16: depending on IMP trial and hospital setting | K16: 0 | L16: 0 | M16: =K16*H16 -> 0 | N16: =$H16*L16 -> 0
A17: 2f | B17: Reporting of study results in EudraCT (where appplicable) | D17: =IF('Study Parameters'!C27="yes",1,0) -> 0 | E17: FX | F17: =1000*'Budget Parameters'!B4 -> 1082.4 | G17: =F17*D17 -> 0 | H17: =G17 -> 0 | I17: only for IMP trials | K17: 0 | L17: 0 | M17: =K17*H17 -> 0 | N17: =$H17*L17 -> 0
A18: 2g | B18: Subject Insurance BE | E18: FX | G18: =F18 -> 0 | H18: =G18 -> 0 | I18: indicate the fee and provide evidence for cost | K18: 0 | L18: 0 | M18: =K18*H18 -> 0 | N18: =$H18*L18 -> 0
A19: 2h | B19: Subject Insurance NL | E19: FX | G19: =F19 -> 0 | H19: =G19 -> 0 | I19: indicate the fee and provide evidence for cost | K19: 0 | L19: 0 | M19: =K19*H19 -> 0 | N19: =$H19*L19 -> 0
A20: 2i | B20: Fees for EC and Authority submission if applicable | E20: FX | G20: =F20 -> 0 | H20: =G20 -> 0 | I20: indicate the fees that are charged by CCMO for evaluation of protocols (NA in Belgium for academic trials) | K20: 0 | L20: 0 | M20: =K20*H20 -> 0 | N20: =$H20*L20 -> 0
A21: SUM | G21: =SUM(G12:G20) -> 9005.568 | H21: =SUM(H12:H20) -> 9005.568 | M21: =SUM(M12:M20) -> 0 | N21: =SUM(N12:N20) -> 0
A22: 3 | B22: Monitoring
A23: 3a | B23: Study Training - CRAs | C23: hours | D23: 64 | E23: CRA | F23: =VLOOKUP(E23,'Budget Parameters'!$A$7:$B$18,2,FALSE()) -> 56.2848 | G23: =D23*F23 -> 3602.2272 | H23: =G23+(G23*'Budget Parameters'!$C$22) -> 3962.4499 | I23: up to 16h per CRA | K23: 0 | L23: 0 | M23: =K23*H23 -> 0 | N23: =L23*H23 -> 0
A24: 3b | B24: Study Initiation Visit | C24: hours | D24: =IF('Study Parameters'!C25="yes",8,IF('Study Parameters'!C26="yes",20,16))*'Study Parameters'!C24 -> 0 | E24: CRA | F24: =VLOOKUP(E24,'Budget Parameters'!$A$7:$B$18,2,FALSE()) -> 56.2848 | G24: =D24*F24 -> 0 | H24: =G24+(G24*'Budget Parameters'!$C$22) -> 0 | I24: 8h - 20h per visit | K24: 0 | L24: 0 | M24: =K24*H24 -> 0 | N24: =L24*H24 -> 0
A25: 3c | B25: Study Monitoring Visits | C25: hours | D25: =IF('Study Parameters'!C25="yes",12,IF('Study Parameters'!C27="yes",20,16))*'Study Parameters'!C24*'Study Parameters'!D39 -> 0 | E25: CRA | F25: =VLOOKUP(E25,'Budget Parameters'!$A$7:$B$18,2,FALSE()) -> 56.2848 | G25: =D25*F25 -> 0 | H25: =G25+(G25*'Budget Parameters'!$C$22) -> 0 | I25: 12h - 20h per visit | K25: 0 | L25: 0 | M25: =K25*H25 -> 0 | N25: =L25*H25 -> 0
A26: 3d | B26: Closure Visit | C26: hours | D26: =IF('Study Parameters'!C25="yes",8,IF('Study Parameters'!C26="yes",16,12))*'Study Parameters'!C24 -> 0 | E26: CRA | F26: =VLOOKUP(E26,'Budget Parameters'!$A$7:$B$18,2,FALSE()) -> 56.2848 | G26: =D26*F26 -> 0 | H26: =G26+(G26*'Budget Parameters'!$C$22) -> 0 | I26: 8h - 16h per visit | K26: 0 | L26: 0 | M26: =K26*H26 -> 0 | N26: =L26*H26 -> 0
A27: 3e | B27: Off-site monitoring and site contacts | C27: hours | D27: =(IF('Study Parameters'!C26="yes",4,3)*'Study Parameters'!D40*'Study Parameters'!C24) -> 0 | E27: CRA | F27: =VLOOKUP(E27,'Budget Parameters'!$A$7:$B$18,2,FALSE()) -> 56.2848 | G27: =D27*F27 -> 0 | H27: =G27+(G27*'Budget Parameters'!$C$22) -> 0 | I27: e.g. 3h per contact per site - but will depend on risk assessment, number of patients, number of data points - to be adapted in formula depending on study can be performed by data manager or CRA | K27: 0 | L27: 0 | M27: =K27*H27 -> 0 | N27: =L27*H27 -> 0
A28: 3f | B28: Transportation fee | D28: =('Study Parameters'!D39+2)*'Study Parameters'!C24 -> 0 | E28: FX | F28: ='Budget Parameters'!B28 -> 73.6032 | G28: =D28*F28 -> 0 | H28: =G28 -> 0 | I28: fixed amount per monitoring visit margin included, no overhead | K28: 0 | L28: 0 | M28: =K28*H28 -> 0 | N28: =L28*H28 -> 0
A29: 3g | B29: travel costs monitoring visits abroad | C29: hours | D29: ='Study Parameters'!D41 -> 0 | E29: FX | F29: ='Budget Parameters'!B29 -> 337.7088 | G29: =D29*F29 -> 0 | H29: =G29 -> 0 | I29: fixed cost for travel to sites or meetings - adapt with the number of meetings abroad | K29: 0 | L29: 0 | M29: =K29*H29 -> 0 | N29: =L29*H29 -> 0
A30: SUM | G30: =SUM(G23:G29) -> 3602.2272 | H30: =SUM(H23:H29) -> 3962.4499 | M30: =SUM(M23:M29) -> 0 | N30: =SUM(N23:N29) -> 0
A31: 4 | B31: Quality Assurance
A32: 4a | D32: 1 | E32: FX | F32: =10000*'Budget Parameters'!B4 -> 10824 | G32: =D32*F32 -> 10824 | H32: =G32 -> 10824 | I32: between 2 706€ and 10 824€ depending on the activities done - not part of the milestone payments - paid on performance | K32: 0 | L32: 0 | M32: =K32*H32 -> 0 | N32: =L32*H32 -> 0
A33: SUM | G33: =SUM(G32) -> 10824 | H33: =SUM(H32) -> 10824 | M33: =SUM(M32) -> 0 | N33: =SUM(N32) -> 0
A34: 5 | B34: TMF Handling & Administration
A35: 5a | B35: TMF Preparation at start | D35: 1 | E35: FX | F35: =(IF('Study Parameters'!C27="yes",1040*2,1040))*'Budget Parameters'!B4 -> 1125.696 | G35: =H35 -> 1125.696 | H35: =F35 -> 1125.696 | I35: depending on complexity and IMP | K35: 0 | L35: 0 | M35: =K35*H35 -> 0 | N35: =L35*H35 -> 0
A36: 5b | B36: Investigator Study File at start | C36: hours | D36: =4*'Study Parameters'!C24 -> 0 | E36: CTA | F36: =VLOOKUP(E36,'Budget Parameters'!$A$7:$B$18,2,FALSE()) -> 39.39936 | G36: =F36*D36 -> 0 | H36: =G36+(G36*'Budget Parameters'!$C$22) -> 0 | I36: typically 4h per file | K36: 0 | L36: 0 | M36: =K36*H36 -> 0 | N36: =L36*H36 -> 0
A37: 5c | B37: Shipment and Distribution Services | C37: hours | E37: CTA | F37: =VLOOKUP(E37,'Budget Parameters'!$A$7:$B$18,2,FALSE()) -> 39.39936 | G37: =F37*D37 -> 0 | H37: =G37+(G37*'Budget Parameters'!$C$22) -> 0 | I37: only occasionally applicable | K37: 0 | L37: 0 | M37: =K37*H37 -> 0 | N37: =L37*H37 -> 0
A38: 5d | B38: Administration and Documentation during trial | C38: hours | D38: =IF('Study Parameters'!C27="yes",12,8)*'Study Parameters'!C24*'Study Parameters'!D37 -> 0 | E38: CTA | F38: =VLOOKUP(E38,'Budget Parameters'!$A$7:$B$18,2,FALSE()) -> 39.39936 | G38: =F38*D38 -> 0 | H38: =G38+(G38*'Budget Parameters'!$C$22) -> 0 | I38: 8h -16h per site per year | K38: 0 | L38: 0 | M38: =K38*H38 -> 0 | N38: =L38*H38 -> 0
A39: 5e | B39: Site payment calculation | C39: payments | D39: =2*'Study Parameters'!C24*'Study Parameters'!D37 -> 0 | E39: FX | F39: =IF('Study Parameters'!C26="yes",156,104)*'Budget Parameters'!B4 -> 112.5696 | G39: =F39*D39 -> 0 | H39: =G39 -> 0 | I39: per payment per site checked by CRA and DM, confirmed by PM, assuming 2 payments/yr | K39: 0 | L39: 0 | M39: =K39*H39 -> 0 | N39: =L39*H39 -> 0
A40: 5f | B40: Administration of Site Payments | C40: hours | D40: =2*'Study Parameters'!$C$24*'Study Parameters'!$D$37 -> 0 | E40: CTA | F40: =VLOOKUP(E40,'Budget Parameters'!$A$7:$B$18,2,FALSE()) -> 39.39936 | G40: =F40*D40 -> 0 | H40: =G40+(G40*'Budget Parameters'!$C$22) -> 0 | I40: 1h per site per payment, assuming 2 payments/yr - adapt if payment will be less frequent | K40: 0 | L40: 0 | M40: =K40*H40 -> 0 | N40: =L40*H40 -> 0
A41: 5g | B41: Archiving | C41: box | D41: =2+('Study Parameters'!C24/4) -> 2 | E41: FX | F41: ='Budget Parameters'!B27 -> 281.424 | G41: =F41*D41 -> 562.848 | H41: =G41 -> 562.848 | I41: assuming 2 boxes for the whole trial and 1 box for every 4 sites for 25 yrs archiving - adapt where applicable eg GP study | K41: 0 | L41: 0 | M41: =K41*H41 -> 0 | N41: =L41*H41 -> 0
A42: SUM | G42: =SUM(G35:G41) -> 1688.544 | H42: =SUM(H35:H41) -> 1688.544 | M42: =SUM(M35:M41) -> 0 | N42: =SUM(N35:N41) -> 0
A43: 6 | B43: Safety
A44: 6a | B44: Follow-up of and reporting of SUSARs and events requiring expedited reporting if appl | D44: ='Study Parameters'!D43 -> 0 | E44: FX | F44: =416*'Budget Parameters'!B4 -> 450.2784 | G44: =F44*D44 -> 0 | H44: =G44 -> 0 | K44: 0 | L44: 0 | M44: =K44*H44 -> 0 | N44: =L44*H44 -> 0
A45: 6b | B45: DSMB Meetings & FU (if needed), includes time for preparation by statistician | D45: =IF('Study Parameters'!D44="yes",2*'Study Parameters'!D37,0) -> 0 | E45: FX | F45: =2600*'Budget Parameters'!B4 -> 2814.24 | G45: =F45*D45 -> 0 | H45: =G45 -> 0 | I45: assuming 2 per year, if not linked to TSC | K45: 0 | L45: 0 | M45: =K45*H45 -> 0 | N45: =L45*H45 -> 0
A46: SUM | G46: =SUM(G44:G45) -> 0 | H46: =SUM(H44:H45) -> 0 | M46: =SUM(M44:M45) -> 0 | N46: =SUM(N44:N45) -> 0
A47: 7 | B47: Data Management
A48: 7a | B48: • Design of eCRF including all necessary development steps and UAT • License for eCRF software • Design of Clinical Trial Database (including ePROs and eQoL) • Design of the Safety Database if applicable • Writing of the Data Management Plan • Archiving of the database | E48: FX | F48: =IF('Study Parameters'!C27="yes",75000,50000)*'Budget Parameters'!B4 -> 54120 | G48: =F48 -> 54120 | H48: =F48 -> 54120 | I48: depending on the data complexity of the trial | K48: 0 | L48: 0 | M48: =K48*H48 -> 0 | N48: =L48*H48 -> 0
A49: 7b | B49: Use of electronic questionnaires, randomisation (Codes, IXRS,…), kit management and integration into eCRF or other platforms linked to the eCRF | E49: FX | F49: =5000*'Budget Parameters'!B4 -> 5412 | G49: =F49*D49 -> 0 | H49: =G49 -> 0 | I49: enter the number of platforms communicating with the eCRF in column D if applicable - includes costs for module and integration into eCRF | K49: 0 | L49: 0 | M49: =K49*H49 -> 0 | N49: =L49*H49 -> 0
A50: 7c | B50: Hosting of the database | D50: 0 | E50: FX | F50: =2000*'Budget Parameters'!B4 -> 2164.8 | G50: =F50*D50*'Study Parameters'!D37 -> 0 | H50: =G50 -> 0 | I50: max yearly fee if not on hopsital server; replace "0" by "1" in the formula if applicable | K50: 0 | L50: 0 | M50: =K50*H50 -> 0 | N50: =L50*H50 -> 0
A51: 7d | B51: • Data Coding AEs • Data Coding Medication • Data validation & QC • Import of data ( ECG, lab, etc.) • Programming of queries • Running query software, cleaning and distributing queries • Query Resolution • Database lock | C51: hours | D51: =2*'Study Parameters'!C19 -> 0 | E51: DM | F51: =VLOOKUP(E51,'Budget Parameters'!$A$7:$B$18,2,FALSE()) -> 56.2848 | G51: =F51*D51 -> 0 | H51: =G51+(G51*'Budget Parameters'!$C$22) -> 0 | I51: set at 2h per patient. Depending on complexity, IMP involvement, trials with a long term follow-up or very limited number of data points: adjust formula (see guidelines) | K51: 0 | L51: 0 | M51: =K51*H51 -> 0 | N51: =L51*H51 -> 0
A52: 7e | B52: Endpoint adjudication preparation (if applicable) | D52: =2*'Study Parameters'!D45 -> 0 | E52: DM | F52: =VLOOKUP(E52,'Budget Parameters'!$A$7:$B$18,2,FALSE()) -> 56.2848 | G52: =F52*D52 -> 0 | H52: =G52+(G52*'Budget Parameters'!$C$22) -> 0 | I52: 2 hours per expected endpoint | K52: 0 | L52: 0 | M52: =K52*H52 -> 0 | N52: =L52*H52 -> 0
A53: 7f | B53: Costs for data linkage (in case national number is used to link administrative databases and study data) | E53: FX | F53: =26000*'Budget Parameters'!B4 -> 28142.4 | G53: =F53*D53 -> 0 | H53: =G53 -> 0 | I53: enter "1" in column D if applicable | K53: 0 | L53: 0 | M53: =K53*H53 -> 0 | N53: =L53*H53 -> 0
A54: SUM | G54: =SUM(G48:G53) -> 54120 | H54: =SUM(H48:H53) -> 54120 | M54: =SUM(M48:M53) -> 0 | N54: =SUM(N48:N53) -> 0
A55: 8 | B55: Statistics, report and publication
A56: 8a | B56: Statistical analysis plan, randomisation and statistical programming | E56: FX | F56: =10400*'Budget Parameters'!B4 -> 11256.96 | G56: =F56 -> 11256.96 | H56: =F56 -> 11256.96 | K56: 0 | L56: 0 | M56: =K56*H56 -> 0 | N56: =L56*H56 -> 0
A57: 8b | B57: • Generation of tables and listings • Statistical analysis and report • Clinical Study Report | E57: FX | F57: =41600*'Budget Parameters'!B4 -> 45027.84 | G57: =F57 -> 45027.84 | H57: =F57 -> 45027.84 | I57: to include costs for HTA analysis | K57: 0 | L57: 0 | M57: =K57*H57 -> 0 | N57: =L57*H57 -> 0
A58: 8c | B58: Publication, incl revision | E58: FX | F58: =10400*'Budget Parameters'!B4 -> 11256.96 | G58: =F58 -> 11256.96 | H58: =F58 -> 11256.96 | K58: 0 | L58: 0 | M58: =K58*H58 -> 0 | N58: =L58*H58 -> 0
A59: 8d | B59: Supplementary Database lock / Analysis of Long Term Follow-Up/Report | E59: FX | F59: =10400*'Budget Parameters'!B4 -> 11256.96 | G59: =D59*F59 -> 0 | H59: =G59 -> 0 | I59: Enter the number of additional database locks according to the agreed analysis plan in column D | K59: 0 | L59: 0 | M59: =K59*H59 -> 0 | N59: =L59*H59 -> 0
A60: SUM | G60: =SUM(G56:G59) -> 67541.76 | H60: =SUM(H56:H59) -> 67541.76 | M60: =SUM(M56:M59) -> 0 | N60: =SUM(N56:N59) -> 0
A61: 9 | B61: Project Management
A62: 9a | B62: Project Management (not included in the above headings) | C62: FTE | D62: =IF('Study Parameters'!C25="yes",0.4+0.00625*'Study Parameters'!C24,IF('Study Parameters'!C24<26,0.3+0.025*'Study Parameters'!C24,0.3+0.025*25+('Study Parameters'!C24-25)*0.0125))+IF('Study Parameters'!C47>2,0.1,0) -> 0.3 | E62: PM | F62: =VLOOKUP(E62,'Budget Parameters'!$A$7:$B$18,2,FALSE())*1605.2/12*'Study Parameters'!D35 -> 0 | G62: =F62*D62 -> 0 | H62: =G62+(G62*'Budget Parameters'!$C$22) -> 0 | I62: for the correct calculation see budget parameters, How to calculate PM time | K62: 0 | L62: 0 | M62: =K62*H62 -> 0 | N62: =L62*H62 -> 0
A63: 9b | B63: Liaison KCE-ZonMW and Project Status Reports | C63: hours | D63: ='Study Parameters'!D35 -> 0 | E63: FX | F63: =390*'Budget Parameters'!B4 -> 422.136 | G63: =F63*D63 -> 0 | H63: =G63+(G63*'Budget Parameters'!$C$22) -> 0 | I63: monthly update calls | K63: 0 | L63: 0 | M63: =K63*H63 -> 0 | N63: =L63*H63 -> 0
A64: 9c | B64: Investigator Meeting(s), initial meeting includes time from PM, CI, STAT, CRA, CTA, other | C64: mtg | D64: 2 | E64: FX | F64: =3640*'Budget Parameters'!B4 -> 3939.936 | G64: =F64*D64 -> 7879.872 | H64: =G64 -> 7879.872 | I64: for initial meeting | K64: 0 | L64: 0 | M64: =K64*H64 -> 0 | N64: =L64*H64 -> 0
A65: 9d | B65: Investigator Meeting(s), subsequent meeting(s) | C65: mtg | D65: 0 | E65: FX | F65: =2080*'Budget Parameters'!B4 -> 2251.392 | G65: =F65*D65 -> 0 | H65: =G65 -> 0 | I65: for subsequent meeting if relevant - detail number of meetings and rationale | K65: 0 | L65: 0 | M65: =K65*H65 -> 0 | N65: =L65*H65 -> 0
A66: 9e | B66: Investigator Meeting(s), results | C66: mtg | D66: 2 | E66: FX | F66: =3640*'Budget Parameters'!B4 -> 3939.936 | G66: =F66*D66 -> 7879.872 | H66: =G66 -> 7879.872 | I66: presentation of results | K66: 0 | L66: 0 | M66: =K66*H66 -> 0 | N66: =L66*H66 -> 0
A67: 9f | B67: Steering Committee meeting(s), includes time from PM, CI, STAT, EXT | D67: =1+(2*'Study Parameters'!D37) -> 1 | E67: FX | F67: =2080*'Budget Parameters'!B4 -> 2251.392 | G67: =F67*D67 -> 2251.392 | H67: =G67 -> 2251.392 | I67: 3/yr the first year, 2/yr consecutive yrs | K67: 0 | L67: 0 | M67: =K67*H67 -> 0 | N67: =L67*H67 -> 0
A68: 9g | B68: Study Team Meeting/Trial Management Group Meeting, included time from PM, CRA, CTA, CI | D68: ='Study Parameters'!D38*2 -> 0 | E68: FX | F68: =520*'Budget Parameters'!B4 -> 562.848 | G68: =F68*D68 -> 0 | H68: =G68 -> 0 | I68: 2-weekly meetings with team during recruitment period | K68: 0 | L68: 0 | M68: =K68*H68 -> 0 | N68: =L68*H68 -> 0
A69: 9h | B69: Study Team Meeting/Trial Management Group Meeting, included time from PM, CRA, CTA, CI | D69: ='Study Parameters'!D35-'Study Parameters'!D38 -> 0 | E69: FX | F69: =520*'Budget Parameters'!B4 -> 562.848 | G69: =F69*D69 -> 0 | H69: =G69 -> 0 | I69: monthly meetings with team during FU period | K69: 0 | L69: 0 | M69: =K69*H69 -> 0 | N69: =L69*H69 -> 0
A70: SUM | G70: =SUM(G62:G69) -> 18011.136 | H70: =SUM(H62:H69) -> 18011.136 | M70: =SUM(M62:M69) -> 0 | N70: =SUM(N62:N69) -> 0
A71: 10 | B71: Patient and Public Involvement
A72: 10a | B72: Patient involvement in study project design and set-up | C72: mtg | D72: 2 | E72: FX | F72: =2080*'Budget Parameters'!B4 -> 2251.392 | G72: =F72*D72 -> 4502.784 | H72: =G72 -> 4502.784 | K72: 0 | L72: 0 | M72: =K72*H72 -> 0 | N72: =L72*H72 -> 0
A73: 10b | B73: Patient involvement in Trial Steering Committee Meetings | C73: mtg | D73: =D67*3 -> 3 | E73: FX | F73: =208*'Budget Parameters'!B4 -> 225.1392 | G73: =F73*D73 -> 675.4176 | H73: =G73 -> 675.4176 | I73: 2 patients to attend each TSC | K73: 0 | L73: 0 | M73: =K73*H73 -> 0 | N73: =L73*H73 -> 0
A74: 10c | B74: Other activities for patient involvment (if applicable) | C74: oth | K74: 0 | L74: 0 | M74: =K74*H74 -> 0 | N74: =L74*H74 -> 0
A75: SUM | G75: =SUM(G72:G74) -> 5178.2016 | H75: =SUM(H72:H74) -> 5178.2016 | M75: =SUM(M72:M74) -> 0 | N75: =SUM(N72:N74) -> 0
A76: 11 | B76: IMP/Intervention Handling
A77: 11a | B77: IMP or intervention Accountability | C77: hours | E77: Pharm | F77: =VLOOKUP(E77,'Budget Parameters'!$A$7:$B$18,2,FALSE()) -> 67.54176 | G77: =D77*F77 -> 0 | H77: =G77+(G77*'Budget Parameters'!$C$22) -> 0 | K77: 0 | L77: 0 | M77: =K77*H77 -> 0 | N77: =L77*H77 -> 0
A78: 11b | B78: Sourcing of IMP/comparator/placebo/device (incl import license if appl) | C78: units | E78: EXT | G78: =D78*F78 -> 0 | H78: =G78 -> 0 | K78: 0 | L78: 0 | M78: =K78*H78 -> 0 | N78: =L78*H78 -> 0
A79: 11c | B79: Storage & distribution | C79: hours | E79: EXT | G79: =D79*F79 -> 0 | H79: =G79 -> 0 | K79: 0 | L79: 0 | M79: =K79*H79 -> 0 | N79: =L79*H79 -> 0
A80: 11d | B80: Packaging, blinding, labelling | C80: hours | E80: EXT | G80: =D80*F80 -> 0 | H80: =G80 -> 0 | K80: 0 | L80: 0 | M80: =K80*H80 -> 0 | N80: =L80*H80 -> 0
A81: 11e | B81: IMP destruction & recovery unused products | C81: hours | E81: EXT | G81: =D81*F81 -> 0 | H81: =G81 -> 0 | K81: 0 | L81: 0 | M81: =K81*H81 -> 0 | N81: =L81*H81 -> 0
A82: 11f | B82: VAT on IMP/Intervention if applicable | E82: % | F82: ='Budget Parameters'!C25 -> 0.09 | I82: only include if VAT is not deductible for your institution - otherwise delete this line | K82: 0 | L82: 0 | M82: =K82*H82 -> 0 | N82: =L82*H82 -> 0
A83: SUM | G83: =SUM(G77:G81) -> 0 | H83: =SUM(H77:H81) -> 0 | M83: =SUM(M77:M82) -> 0 | N83: =SUM(N77:N82) -> 0
A84: 12 | B84: External vendors/contractors/central review/other
A85: 12a | B85: Study specific equipment | C85: unit | G85: =F85 -> 0 | H85: =G85 -> 0 | K85: 0 | L85: 0 | M85: =K85*H85 -> 0 | N85: =L85*H85 -> 0
A86: 12b | B86: External vendor | C86: hours/unit | G86: =F86 -> 0 | H86: =G86 -> 0 | K86: 0 | L86: 0 | M86: =K86*H86 -> 0 | N86: =L86*H86 -> 0
A87: 12c | B87: Central Review | C87: unit | G87: =F87 -> 0 | H87: =G87 -> 0 | K87: 0 | L87: 0 | M87: =K87*H87 -> 0 | N87: =L87*H87 -> 0
A88: 12d | B88: Vouchers for patients | I88: only include if applicable and justifiable there are travel costs or costs for inconvenience for the patient is not deductible for your institution - otherwise delete this line | K88: 0 | L88: 0 | M88: =K88*H88 -> 0 | N88: =L88*H88 -> 0
A89: 12e | B89: VAT on external services | E89: % | F89: ='Budget Parameters'!C24 -> 0.21 | G89: =F89*SUBTOTAL(9,G85:G87) -> 0 | H89: =G89 -> 0 | I89: only include if VAT is not deductible for your institution - otherwise delete this line | K89: 0 | L89: 0 | M89: =K89*H89 -> 0 | N89: =L89*H89 -> 0
A90: SUM | G90: =SUM(G85:G89) -> 0 | H90: =SUM(H85:H89) -> 0 | M90: =SUM(M85:M89) -> 0 | N90: =SUM(N85:N89) -> 0
A92: Overall Cost total excluding advance payments | G92: =SUM(G90,G83,G70,G54,G46,G42,G33,G30,G21,G10,G60,G75) -> 198203.18 | H92: =SUM(H90,H83,H70,H54,H46,H42,H33,H30,H21,H10,H60,H75) -> 198563.4 | M92: =SUM(M90,M83,M70,M54,M46,M42,M33,M30,M21,M10,M60,M75) -> -20000 | N92: =SUM(N90,N83,N70,N54,N46,N42,N33,N30,N21,N10,N60,N75) -> 0
B94: Sponsor Costs for milestones | H94: =H10+H21+H30+H42+H46+H54+H60+H70+H75-H53 -> 187739.4 | M94: =M10+M21+M30+M42+M46+M54+M60+M70+M75-M53 -> -20000 | N94: =N10+N21+N30+N42+N46+N54+N60+N70+N75-N53 -> 0
B95: Based on activity or service performed | H95: =H33+H83+H90+H53 -> 10824 | M95: =M33+M83+M90+M53 -> 0 | N95: =N33+N83+N90+N53 -> 0
B96: Site Costs | H96: ='Site Costs BE'!B27+'Site Costs NL'!B27 -> 0 | M96: ='Site Costs BE'!G27+'Site Costs NL'!G27 -> 0 | N96: ='Site Costs BE'!H27+'Site Costs NL'!H27 -> 0

Sheet Site Costs BE
A1: BeNeFIT Trial | C1: ='Study Parameters'!B7 -> Number | H1: DD/MM/YYYY | J1: Info in this tab is a demo. If this tab is used, you should make it study specific and adapt the formula in line 12b, 12c and 12d of the overall costs tab!
A3: Per Patient Cost
A4: Procedure | B4: Budget hourly fee - FX | C4: Screening/Randomisation | D4: Treatment Phase | G4: Study Treat discontinuation/ Early Termination Visit | H4: FU Phase
D5: V1 | E5: V2 | F5: V…
A6: Study specific time (not Standard of Care)
A7: Informed consent | B7: =30/60*'Budget Parameters'!B17 -> 56.2848 | C7: =30/60*'Budget Parameters'!B17 -> 56.2848
A8: IMP or placebo dispensing if applicable | B8: ='Budget Parameters'!D48 -> 17.3184
A9: Physician time | B9: ='Budget Parameters'!B17 -> 112.5696 | C9: =30/60*'Budget Parameters'!B17 -> 56.2848 | D9: =10/60*'Budget Parameters'!$B$17 -> 18.7616 | E9: =10/60*'Budget Parameters'!$B$17 -> 18.7616 | F9: =10/60*'Budget Parameters'!$B$17 -> 18.7616 | G9: =10/60*'Budget Parameters'!$B$17 -> 18.7616 | H9: =10/60*'Budget Parameters'!$B$17 -> 18.7616
A10: Study Coordinator time (questionnaires and data entry) | B10: ='Budget Parameters'!B15 -> 50.19 | C10: =2.5*B10 -> 125.475 | D10: =2*'Budget Parameters'!$B$15 -> 100.38 | E10: =2*'Budget Parameters'!$B$15 -> 100.38 | F10: =2*'Budget Parameters'!$B$15 -> 100.38 | G10: =2*'Budget Parameters'!$B$15 -> 100.38 | H10: =2*'Budget Parameters'!$B$15 -> 100.38
A12: Total | C12: =SUM(C7:C11) -> 238.0446 | D12: =SUM(D7:D11) -> 119.1416 | E12: =SUM(E7:E11) -> 119.1416 | F12: =SUM(F7:F11) -> 119.1416 | G12: =SUM(G7:G11) -> 119.1416 | H12: =SUM(H7:H11) -> 119.1416
A13: Margin | C13: ='Budget Parameters'!$C$22*'Site Costs BE'!C12 -> 23.80446 | D13: ='Budget Parameters'!$C$22*'Site Costs BE'!D12 -> 11.91416 | E13: ='Budget Parameters'!$C$22*'Site Costs BE'!E12 -> 11.91416 | F13: ='Budget Parameters'!$C$22*'Site Costs BE'!F12 -> 11.91416 | G13: ='Budget Parameters'!$C$22*'Site Costs BE'!G12 -> 11.91416 | H13: ='Budget Parameters'!$C$22*'Site Costs BE'!H12 -> 11.91416
A14: Margin | C14: =SUM(C12:C13) -> 261.84906 | D14: =SUM(D12:D13) -> 131.05576 | E14: =SUM(E12:E13) -> 131.05576 | F14: =SUM(F12:F13) -> 131.05576 | G14: =SUM(G12:G13) -> 131.05576 | H14: =SUM(H12:H13) -> 131.05576
A15: Cost per completed patient | B15: =C14+D14+E14+F14+H14 -> 786.0721
A16: Overhead Hospital (delete if GP) | B16: 0.17
A17: Total cost per patient | B17: =B15*(1+B16) -> 919.70436
A18: Total cost for all patients | B18: ='Study Parameters'!C15*B17 -> 0
A19: General Site Costs
A20: Number of sites BE | B20: ='Study Parameters'!C22 -> 0
A21: start-up fee | B21: ='Budget Parameters'!B26 -> 1125.696
A22: Archiving | B22: ='Budget Parameters'!B27 -> 281.424
A24: Total general site costs/site | B24: =SUM(B21:B22)*B16+SUM(B21:B22) -> 1646.3304
A25: For all sites | B25: =B24*B20 -> 0
A27: Total cost (patients and general) | B27: =B25+B18 -> 0

Sheet Site Costs NL
A1: BeNeFIT Trial | C1: ='Study Parameters'!B1 -> Number | H1: DD/MM/YYYY | J1: Info in this tab is a demo. If this tab is used, you should make it study specific and adapt the formula in line 12b, 12c and 12d of the overall costs tab!
A3: Per Patient Cost
A4: Procedure | B4: Budget hourly fee - FX | C4: Screening/Randomisation | D4: Treatment Phase | G4: Study Treat discontinuation/ Early Termination Visit | H4: FU Phase
D5: V1 | E5: V2 | F5: V…
A6: Study specific time (not Standard of Care)
A7: Informed consent | B7: =30/60*'Budget Parameters'!B17 -> 56.2848 | C7: =30/60*'Budget Parameters'!B17 -> 56.2848
A8: IMP or placebo dispensing if applicable | B8: ='Budget Parameters'!D48 -> 17.3184
A9: Physician time | B9: ='Budget Parameters'!B17 -> 112.5696 | C9: =30/60*'Budget Parameters'!B17 -> 56.2848 | D9: =10/60*'Budget Parameters'!$B$17 -> 18.7616 | E9: =10/60*'Budget Parameters'!$B$17 -> 18.7616 | F9: =10/60*'Budget Parameters'!$B$17 -> 18.7616 | G9: =10/60*'Budget Parameters'!$B$17 -> 18.7616 | H9: =10/60*'Budget Parameters'!$B$17 -> 18.7616
A10: Study Coordinator time (questionnaires and data entry) | B10: ='Budget Parameters'!B15 -> 50.19 | C10: =2.5*B10 -> 125.475 | D10: =2*'Budget Parameters'!$B$15 -> 100.38 | E10: =2*'Budget Parameters'!$B$15 -> 100.38 | F10: =2*'Budget Parameters'!$B$15 -> 100.38 | G10: =2*'Budget Parameters'!$B$15 -> 100.38 | H10: =2*'Budget Parameters'!$B$15 -> 100.38
A12: Total | C12: =SUM(C7:C11) -> 238.0446 | D12: =SUM(D7:D11) -> 119.1416 | E12: =SUM(E7:E11) -> 119.1416 | F12: =SUM(F7:F11) -> 119.1416 | G12: =SUM(G7:G11) -> 119.1416 | H12: =SUM(H7:H11) -> 119.1416
A13: Margin | C13: ='Budget Parameters'!$C$22*'Site Costs NL'!C12 -> 23.80446 | D13: ='Budget Parameters'!$C$22*'Site Costs NL'!D12 -> 11.91416 | E13: ='Budget Parameters'!$C$22*'Site Costs NL'!E12 -> 11.91416 | F13: ='Budget Parameters'!$C$22*'Site Costs NL'!F12 -> 11.91416 | G13: ='Budget Parameters'!$C$22*'Site Costs NL'!G12 -> 11.91416 | H13: ='Budget Parameters'!$C$22*'Site Costs NL'!H12 -> 11.91416
A14: Margin | C14: =SUM(C12:C13) -> 261.84906 | D14: =SUM(D12:D13) -> 131.05576 | E14: =SUM(E12:E13) -> 131.05576 | F14: =SUM(F12:F13) -> 131.05576 | G14: =SUM(G12:G13) -> 131.05576 | H14: =SUM(H12:H13) -> 131.05576
A15: Cost per completed patient | B15: =C14+D14+E14+F14+H14 -> 786.0721
A16: Overhead Hospital (delete if GP) | B16: 0.17
A17: Total cost per patient | B17: =B15*(1+B16) -> 919.70436
A18: Total cost for all patients | B18: ='Study Parameters'!C16*B17 -> 0
A19: General Site Costs
A20: Number of sites NL | B20: ='Study Parameters'!C23 -> 0
A21: start-up fee | B21: ='Budget Parameters'!B26 -> 1125.696
A22: Archiving | B22: ='Budget Parameters'!B27 -> 281.424
A24: Total general site costs/site | B24: =SUM(B21:B22)*B16+SUM(B21:B22) -> 1646.3304
A25: For all sites | B25: =B24*B20 -> 0
A27: Total cost (patients and general) | B27: =B25+B18 -> 0

Sheet Application Form
A1: This tab is only created to help you complete the application form in the "Mijn ZonMw" application form, amounts in the other tabs are considered prevailing for your project budget.
A3: 1 | B3: At first submission RO (Research Outline)
B4: Amount to enter in "5.1 Grant requested from ZonMw":
B5: if the sponsor is in the NL: | C5: ='Sponsor Cost'!M92+'Site Costs NL'!B27*1.21+20000 -> 0 | D5: total amount Sponsor + Site Costs NL (incl. VAT) + advance payment
B6: if the sponsor is in the BE: | C6: ='Sponsor Cost'!N92+'Site Costs NL'!B27*1.21 -> 0 | D6: total amount CC + Site Costs NL (incl. VAT)
B8: Amount to enter in "5.3 Co-Financing and 5.4 Notes: The amount requested from KCE (from the Budget tool)":
B9: if the sponsor is in the NL: | C9: ='Sponsor Cost'!N92+'Site Costs BE'!B27*1.21 -> 0 | D9: total amount CC + Site Costs BE (incl.VAT)
B10: if the sponsor is in the BE: | C10: ='Sponsor Cost'!M92+'Site Costs BE'!B27*1.21+20000 -> 0 | D10: total amount Sponsor + Site Costs BE (incl. VAT) + advance payment
A12: 2 | B12: At Full Research Proposal (FRP) submission | C12: if NL Sponsor | D12: if BE Sponsor
B13: 1.1 Personele kosten | C13: =20000+'Sponsor Cost'!M10+'Sponsor Cost'!M21-'Sponsor Cost'!M20-'Sponsor Cost'!M19-'Sponsor Cost'!M18+'Sponsor Cost'!M30-'Sponsor Cost'!M29-'Sponsor Cost'!M28+'Sponsor Cost'!M42-'Sponsor Cost'!M41-'Sponsor Cost'!M37+'Sponsor Cost'!M46+'Sponsor Cost'!M54-'Sponsor Cost'!M49-'Sponsor Cost'!M50+'Sponsor Cost'!M60+'Sponsor Cost'!M70 -> 0 | D13: ='Sponsor Cost'!N10+'Sponsor Cost'!N21-'Sponsor Cost'!N20-'Sponsor Cost'!N19-'Sponsor Cost'!N18+'Sponsor Cost'!N30-'Sponsor Cost'!N29-'Sponsor Cost'!N28+'Sponsor Cost'!N42-'Sponsor Cost'!N41-'Sponsor Cost'!N37+'Sponsor Cost'!N46+'Sponsor Cost'!N54-'Sponsor Cost'!N49-'Sponsor Cost'!N50+'Sponsor Cost'!N60+'Sponsor Cost'!N70 -> 0 | E13: Personnel costs requested from ZonMw
B14: 1.2 Materiële kosten | C14: ='Sponsor Cost'!M83 -> 0 | D14: ='Sponsor Cost'!N83 -> 0 | E14: Material costs requested from ZonMw
B15: 1.3 Apparatuurkosten | C15: ='Sponsor Cost'!M85 -> 0 | D15: ='Sponsor Cost'!N85 -> 0 | E15: Equipment costs requested from ZonMw
B16: 1.4 Implementatiekosten | C16: 0 | D16: 0 | E16: enter amount if applicable, implementation costs requested from ZonMw
B17: 1.5 Overige kosten | C17: =C5-C13+C14+C15+C16 -> 0 | D17: =C6-D16-D15-D14-D13 -> 0 | E17: amount requested from ZonMw (see 5.1 above) minus 1.1:1.4
B18: 2.1 Co-financiering | C18: =C9 -> 0 | D18: =C10 -> 0 | E18: total amount requested from KCE (see 5.4. above)
B19: 2.2 Eigen bijdrage | C19: 0 | D19: 0 | E19: enter amount if applicable

Sheet overall costs
A1: This tab is used for reference only to ZonMW and KCE Trials
B2: sponsor | C2: CC | D2: TOTAL TRIAL
A3: Total Sponsor costs | B3: ='Sponsor Cost'!M94 -> -20000 | C3: ='Sponsor Cost'!N94 -> 0 | D3: =SUM(B3:C3) -> -20000
A4: Activity Based costing | B4: ='Sponsor Cost'!M95 -> 0 | C4: ='Sponsor Cost'!N95 -> 0
A5: site BE | B5: ='Site Costs BE'!B27 -> 0 | C5: 0 | D5: =SUM(B5:C5) -> 0 | E5: switch cells according to where the sponsor and CC are located
A6: site NL | B6: 0 | C6: ='Site Costs NL'!B27 -> 0 | D6: =SUM(B6:C6) -> 0
A7: VAT If applicable | D7: =SUM(B7:C7) -> 0 | E7: include VAT where applicable and non-deductible; formula to be adjusted accordingly
A8: TOTAL VAT inclusive (if applicable) | B8: =SUM(B3:B7) -> -20000 | C8: =SUM(C3:C7) -> 0 | D8: =SUM(D3:D7) -> -20000

Sheet info versions
A1: 2.0 version used for the first BeNeFIT call
A2: 3.0 version to be used for BeNeFIT II call - adjusted for advance payments - added fee for EudraCT reporting - wording adjusted to be in line with Regulation - included formula automatic calculation for project management - replaced SAE by SUSAR - adapted for VAT situation in BE
A3: 3.1 version to be used for BeNeFIT II call - corrected formula in "overall costs"
A4: 4.0 BeNeFIT 2 call - FRP stage - indexation of prices FX and hourly fees - march 2020 = 1,7410 versus budget tool July 2017 = 1,6406 - factor x1,04 to be applied on budget parameters and fixed amounts - application of complexity levels that will drive costs for set-up, monitoring, project management and data management - added adjudication if needed for endpoint evaluation - added layer for IMP and non SoC assessments: differentiation for contracting costs, payment calculation and monitoring - added need for DSMB - added start-up fee for lab - added website and promotional material - simplified ethics and regulatory section taking into account CTR and IMP involvement - development of monitoring plan added to the design and set-up - added additional lines for data management, adjusted for complexity - added costs for data linkage if needed for clinical endpoint collection (replacing data management activities) - additional line added for additional stat analysis if required by the protocol - changed status reporting to FX monthly fee
A5: 4.1 BeNeFIT 3 call - only indexed figures kept - adjusted fee for report allowing inclusion of health economic analysis - added "application form" tab to facilitate completing the aims form
